 Dungeon Crawl Stone Soup version 0.17-a0-484-g0e03f6a (webtiles) character file.

22 Ololoev the Skirmisher (level 2, -4/27 HPs)
             Began as a Demigod Wanderer on Apr 10, 2015.
             Slain by a worm (10 damage)
             ... on level 2 of the Dungeon.
             The game lasted 00:01:05 (584 turns).

Ololoev the Skirmisher (Demigod Wanderer)            Turns: 584, Time: 00:01:05

Health: -4/27      AC:  2    Str: 13    XL:     2   Next: 51%
Magic:  4/4        EV: 12    Int: 15    God:
Gold:   50         SH:  0    Dex: 18    Spells: 0 memorised, 1 level left

rFire  . . .     SeeInvis .     a - +2 short sword
rCold  . . .     Clarity  .     d - +0 robe
rNeg   . . .     SustAb   +     (no shield)
rPois  .         Gourm    .     (no helmet)
rElec  .         Spirit   .     (no cloak)
rCorr  .         Warding  .     (no gloves)
rMut   .         Stasis   .     (no boots)
MR     .....                    (no amulet)
Stlth  ++........               (no ring)
                                (no ring)

@: lethally poisoned (-4 -> -7), not resistant to hostile enchantments,
unstealthy
A: high mp 1, sustain abilities
a: no special abilities


Innate Abilities, Weirdness & Mutations

You have an increased reservoir of magic (+10% MP).
Your attributes are resistant to harm.

Inventory:

Hand weapons
 a - a +2 short sword (weapon)
Armour
 d - a +0 robe (worn)
Scrolls
 b - 2 scrolls of teleportation
 e - a scroll of amnesia {unknown}
 g - a scroll of immolation {unknown}
 i - 2 scrolls of identify {unknown}
 l - a scroll of magic mapping {unknown}
 m - a scroll of random uselessness {unknown}
Potions
 c - a potion of curing
 h - a potion of heal wounds {unknown}
 j - a potion of lignification {unknown}
 k - a potion of degeneration {unknown}
Comestibles
 f - a bread ration


   Skills:
 + Level 4.2 Fighting
 + Level 1.9(2.0) Short Blades
   Level 1.0(1.5) Long Blades
 + Level 1.0 Dodging
 + Level 1.1 Stealth
   Level 1.0 Shields


You had one spell level left.
You didn't know any spells.


You were on level 2 of the Dungeon.
You were not hungry.

You visited 1 branch of the dungeon, and saw 2 of its levels.

You collected 50 gold pieces.

##. #...# #...#
#...# ..## #...# ...
#...#
###.###...######.
..#.......$........
.......w@..........
..(.....S...........
..###.###..<######.
.. #...# ## #...#
#...# #...# ....#
##.###

Notes
Turn   | Place    | Note
--------------------------------------------------------------
     0 | D:1      | Ololoev, the Demigod Wanderer, began the quest for the Orb.
     0 | D:1      | Ololoev set off with: a +2 short sword, a scroll of teleportation, a potion of curing, a +0 robe, a bread ration
     0 | D:1      | Reached XP level 1. HP: 19/19 MP: 3/3
   189 | D:1      | Reached skill level 4 in Fighting
   228 | D:1      | Reached XP level 2. HP: 16/27 MP: 4/4
   584 | D:2      | Slain by a worm

Dungeon Overview and Level Annotations

Branches:
Dungeon (2/15)


Message History

Done exploring.
Done exploring.
Done exploring.
(D) Dungeon
Where to? (? - help)
What level of the Dungeon? (default 1, ? - help)
You see here 24 stones.
There is a stone staircase leading down here.
You climb downwards.
An adder, a rat and a worm come into view.
Found 7 gold pieces and a scroll labeled EMEBLU MUDU.
There is a stone staircase leading up here.
Found 16 sling bullets.
The rat bites you.
You hit the rat.
The rat is moderately wounded.
The rat misses you.
You closely miss the rat.
The rat is moderately wounded.
The rat misses you.
You closely miss the rat.
The rat is moderately wounded.
The rat bites you but does no damage.
You hit the rat.
The rat is severely wounded.
The rat bites you. The adder barely misses you.
The rat bites you but does no damage.
You hit the rat.
You kill the rat!
The adder misses you. The adder barely misses you.
You barely miss the worm. The adder misses you.
You hit the worm.
The worm is lightly wounded.
The adder barely misses you. The worm bites you.
You hit the worm.
The worm is lightly wounded.
The adder bites you. x2
You are poisoned.
The adder poisons you! The worm bites you!
You die...

You could see a worm and an adder.

Vanquished Creatures
  2 giant geckos (D:1)
  An ooze (D:1)
  3 bats (D:1)
  4 goblins (D:1)
  A hobgoblin (D:1)
  A giant newt (D:1)
  4 kobolds (D:1)
  3 rats
19 creatures vanquished.

Action                   || total
-------------------------++-------
Melee: Short sword       ||    66
 Stab: Sleeping          ||     2

Vault maps used:
D:1:      dpeg_arrival_oval, grunt_decor_fettered, serial_bayou_pond_b,
          corexii_leaking_fountain, grunt_decor_arrowhead,
          hangedman_abyss_or_decor_stabs
